 Dungeon Crawl Stone Soup version 0.22-a0-149-g870e420 (webtiles) character file.

3213 wazuzu the Magician (level 9, -13/66 HPs)
             Began as a Gnoll Fire Elementalist on Feb 7, 2018.
             Was a Priest of Cheibriados.
             Mangled by an ogre
             ... wielding a +0 giant club
              (21 damage)
             ... on level 7 of the Dungeon.
             The game lasted 00:23:39 (7056 turns).

wazuzu the Magician (Gnoll Fire Elementalist)       Turns: 7056, Time: 00:23:40

Health: -13/66     AC: 10    Str: 20    XL:     9   Next: 97%
Magic:  5/19       EV: 16    Int: 26    God:    Cheibriados [***...]
Gold:   426        SH:  0    Dex: 22    Spells: 15/21 levels left

rFire    + . .     SeeInvis .   B - +4 dagger (pain)
rCold    x . .     Gourm    .   (no shield)
rNeg     . . .     Faith    .   n - +0 ring mail
rPois    .         Spirit   .   (no helmet)
rElec    .         Reflect  .   y - +2 cloak
rCorr    .         Harm     .   (no gloves)
MR       .....                  f - +0 pair of boots
Stlth    +++.......             s - amulet of magic regeneration
HPRegen  0.21/turn              u - ring of fire
MPRegen  0.41/turn              H - +3 ring of strength

@: very slow
A: distributed training, fangs 1, strong nose
a: Bend Time, Temporal Distortion, Renounce Religion


You were on level 7 of the Dungeon.
You worshipped Cheibriados.
Cheibriados was most pleased with you.
You were not hungry.

You visited 2 branches of the dungeon, and saw 8 of its levels.

You collected 426 gold pieces.

Inventory:

Hand Weapons
 B - a +4 dagger of pain (weapon)
Armour
 f - a +0 pair of boots (worn)
 n - a +0 ring mail (worn)
 x - a +0 buckler
 y - a +2 cloak (worn)
Jewellery
 s - an amulet of magic regeneration (around neck)
 t - an uncursed ring of fire
 u - a ring of fire (left hand)
 H - a +3 ring of strength (right hand)
Wands
 o - a wand of polymorph (16)
 A - a wand of digging (24)
 I - a wand of iceblast (5)
Scrolls
 h - 3 scrolls of magic mapping
 j - a scroll of fear
 l - 4 scrolls of teleportation
 p - 2 scrolls of remove curse
 v - a scroll of fog
 E - a scroll of amnesia
Potions
 a - 2 potions of lignification {unknown}
 d - 5 potions of curing
 e - a potion of ambrosia {unknown}
 g - a potion of degeneration {unknown}
 i - 3 potions of haste
 k - 2 potions of cancellation {unknown}
 q - 2 potions of flight {unknown}
 r - a potion of brilliance
 w - 2 potions of resistance {unknown}
 z - a potion of heal wounds
 C - a potion of mutation {unknown}
 G - a potion of might {unknown}
 J - a potion of berserk rage {unknown}
Books
 b - a book of Flames

   Spells                             Type                      Level
   a - Flame Tongue                   Conjuration/Fire             1
   b - Throw Flame                    Conjuration/Fire             2
   c - Conjure Flame                  Conjuration/Fire             3
   d - Inner Flame                    Hexes/Fire                   3
   e - Sticky Flame                   Conjuration/Fire             4
   f - Fireball                       Conjuration/Fire             5
 D - a book of Cantrips

   Spells                             Type                      Level
   a - Confusing Touch                Hexes                        1
   b - Animate Skeleton               Necromancy                   1
   c - Summon Small Mammal            Summoning                    1
   d - Apportation                    Translocation                1
Comestibles
 c - 19 rations
 m - 4 chunks of flesh


   Skills:
 + Level 4.6 Fighting
 + Level 4.6 Short Blades
 + Level 4.6 Long Blades
 + Level 4.6 Axes
 + Level 4.6 Maces & Flails
 + Level 4.6 Polearms
 + Level 4.6 Staves
 + Level 4.6 Slings
 + Level 4.6 Bows
 + Level 4.6 Crossbows
 + Level 4.6 Throwing
 + Level 4.6 Armour
 + Level 6.6 Dodging
 + Level 6.3 Stealth
 + Level 4.6 Shields
 + Level 4.6 Unarmed Combat
 + Level 6.9 Spellcasting
 + Level 4.4 Conjurations
 + Level 3.8 Hexes
 + Level 3.8 Charms
 + Level 3.8 Summonings
 + Level 3.8 Necromancy
 + Level 3.8 Translocations
 + Level 3.8 Transmutations
 + Level 6.7 Fire Magic
 + Level 3.8 Ice Magic
 + Level 3.8 Air Magic
 + Level 3.8 Earth Magic
 + Level 3.8 Poison Magic
 + Level 5.1 Invocations
 + Level 4.6 Evocations


You had 15 spell levels left.
You knew the following spells:

 Your Spells              Type           Power        Failure   Level  Hunger
a - Flame Tongue          Conj/Fire      #####        1%          1    None
b - Throw Flame           Conj/Fire      ######       1%          2    None
c - Conjure Flame         Conj/Fire      ######..     3%          3    None


Dungeon Overview and Level Annotations

Branches:
Dungeon (7/15)             Temple (1/1) D:4

Altars:
Ashenzari
Cheibriados
Dithmenos
Elyvilon
Gozag
Hepliaklqana
Kikubaaqudgha
Makhleb
Nemelex Xobeh
Qazlal
Ru
Trog
Uskayaw
Vehumet
Wu Jian
Xom
Yredelemnul
The Shining One


Innate Abilities, Weirdness & Mutations

Your experience applies equally to all skills.
You have very sharp teeth.
Your uncanny sense of smell can sniff out nearby items.


Message History

Confirm with . or Enter, or press ? or * to list all spells.
Aiming: Flame Tongue (safe; 1% risk of failure)
Press: ? - help, Shift-Dir - straight line, f/p - gnoll
Aim: a gnoll, wielding a flail (severely wounded)
You feel a surge of power!
The flame tongue hits the gnoll.
You kill the gnoll!
Cheibriados appreciates the change of pace.
The ogre hits you with a giant club.
* * * LOW HITPOINT WARNING * * *
A gnoll comes into view. It is wielding a club.
Casting: Flame Tongue (safe; 1% risk of failure)
Confirm with . or Enter, or press ? or * to list all spells.
Aiming: Flame Tongue (safe; 1% risk of failure)
Press: ? - help, Shift-Dir - straight line, f - ogre
Aim: an ogre, wielding a giant club You feel a surge of power!
The flame tongue hits the ogre.
The ogre is lightly wounded.
The gnoll shouts!
You hear a shout! x2
The ogre hits you with a giant club!!
You die...

....... ...g.#
...)# ..g#
##)'# #...#
#...# #.)O#
###@# #####
#.)## #....
#>..## ##....
###..# #.....
#..## ##.....
##..####
#......
#...#.##
###....
##.....#
###....
####.####......


You could see an ogre and 2 gnolls.

Vanquished Creatures
  The ghost of Regeox the Chopper, a novice HOFi of Okawaru (D:7)
  Grinder (D:3)
  A hippogriff (D:7)
  The ghost of tof the Cudgeler, an amateur MiFi (D:4)
  3 orc warriors
  A black bear (D:7)
  An ice beast (D:5)
  A phantom (D:4)
  2 sky beasts
  5 ogres
  A centaur (D:5)
  2 hounds (D:4)
  A centaur skeleton (D:7)
  8 orc wizards
  5 orc priests
  2 gnoll shamans (D:7)
  Terence (D:3)
  Ijyb (D:3)
  Natasha (D:2)
  An iguana (D:4)
  3 worker ants
  A worker ant zombie (D:5)
  6 gnolls (D:7)
  10 adders
  3 adder skeletons
  3 worms
  2 dart slugs
  6 leopard geckos
  40 orcs
  7 bats
  4 giant cockroaches (D:1)
  9 goblins
  7 hobgoblins
  6 jackals
  4 quokkas
  A ball python (D:3)
  A ball python skeleton (D:5)
  6 frilled lizards
  A jackal skeleton (D:4)
  10 kobolds
  6 rats
176 creatures vanquished.

Vanquished Creatures (others)
  A fungus (D:7)
  8 plants (D:7)
9 creatures vanquished.

Grand Total: 185 creatures vanquished

Notes
Turn   | Place    | Note
-------+----------+-------------------------------------------
     0 | D:1      | wazuzu the Gnoll Fire Elementalist began the quest for the Orb.
     0 | D:1      | Reached XP level 1. HP: 13/13 MP: 6/6
   154 | D:1      | Reached XP level 2. HP: 19/19 MP: 5/7
   446 | D:1      | Reached XP level 3. HP: 25/25 MP: 6/9
   491 | D:1      | Reached skill level 5 in Spellcasting
   841 | D:1      | Reached skill level 1 in Invocations
   910 | D:2      | Learned a level 2 spell: Throw Flame
  1144 | D:2      | Reached skill level 1 in Fighting
  1144 | D:2      | Reached skill level 1 in Short Blades
  1144 | D:2      | Reached skill level 1 in Long Blades
  1144 | D:2      | Reached skill level 1 in Axes
  1144 | D:2      | Reached skill level 1 in Maces & Flails
  1144 | D:2      | Reached skill level 1 in Polearms
  1144 | D:2      | Reached skill level 1 in Staves
  1144 | D:2      | Reached skill level 1 in Slings
  1144 | D:2      | Reached skill level 1 in Bows
  1144 | D:2      | Reached skill level 1 in Crossbows
  1144 | D:2      | Reached skill level 1 in Throwing
  1144 | D:2      | Reached skill level 1 in Armour
  1144 | D:2      | Reached skill level 1 in Shields
  1144 | D:2      | Reached skill level 1 in Unarmed Combat
  1144 | D:2      | Reached skill level 1 in Evocations
  1243 | D:2      | Found a hazy altar of Hepliaklqana.
  1249 | D:2      | Found an ancient bone altar of Kikubaaqudgha.
  1255 | D:2      | Found a hide-covered altar of Uskayaw.
  1312 | D:2      | Noticed Natasha
  1328 | D:2      | Killed Natasha
  1328 | D:2      | Reached XP level 4. HP: 25/32 MP: 9/11
  1369 | D:2      | Reached skill level 1 in Hexes
  1369 | D:2      | Reached skill level 1 in Charms
  1369 | D:2      | Reached skill level 1 in Summonings
  1369 | D:2      | Reached skill level 1 in Necromancy
  1369 | D:2      | Reached skill level 1 in Translocations
  1369 | D:2      | Reached skill level 1 in Transmutations
  1369 | D:2      | Reached skill level 1 in Ice Magic
  1369 | D:2      | Reached skill level 1 in Air Magic
  1369 | D:2      | Reached skill level 1 in Earth Magic
  1369 | D:2      | Reached skill level 1 in Poison Magic
  1411 | D:2      | Found a sparkling altar of Nemelex Xobeh.
  1416 | D:2      | Found a shimmering altar of Xom.
  1521 | D:3      | Found a white marble altar of Elyvilon.
  1613 | D:3      | Found a burning altar of Makhleb.
  1667 | D:3      | Reached XP level 5. HP: 35/37 MP: 8/12
  2158 | D:3      | Found a glowing golden altar of the Shining One.
  2225 | D:3      | Noticed Ijyb
  2244 | D:3      | Killed Ijyb
  2244 | D:3      | Reached XP level 6. HP: 26/44 MP: 1/13
  2390 | D:3      | Noticed Grinder
  2393 | D:3      | Paralysed by Grinder for 3 turns
  2399 | D:3      | Killed Grinder
  2399 | D:3      | Reached skill level 5 in Dodging
  2480 | D:3      | Noticed Terence
  2485 | D:3      | Killed Terence
  2485 | D:3      | Reached XP level 7. HP: 43/50 MP: 15/15
  2856 | D:4      | Found a sacrificial altar of Ru.
  2970 | D:4      | Found a shattered altar of Ashenzari.
  3231 | D:4      | Noticed tof's ghost (amateur MiFi)
  3432 | D:4      | Found a staircase to the Ecumenical Temple.
  3441 | Temple   | Entered the Ecumenical Temple
  3476 | Temple   | Became a worshipper of Cheibriados the Contemplative
  3498 | D:4      | Reached skill level 5 in Stealth
  3539 | D:4      | Reached XP level 8. HP: 29/57 MP: 7/16
  3751 | D:4      | Learned a level 3 spell: Conjure Flame
  3852 | D:4      | Reached * piety under Cheibriados
  4323 | D:4      | Killed tof's ghost
  4511 | D:5      | Entered Level 5 of the Dungeon
  4901 | D:5      | You fall through a shaft for 2 floors!
  5087 | D:5      | Reached XP level 9. HP: 65/65 MP: 10/18
  5194 | D:5      | Found an opulent altar of Gozag.
  5858 | D:6      | Reached ** piety under Cheibriados
  6060 | D:6      | Found a basalt altar of Yredelemnul.
  6080 | D:6      | Found a radiant altar of Vehumet.
  7029 | D:7      | Noticed Regeox's ghost (novice HOFi)
  7032 | D:7      | Reached *** piety under Cheibriados
  7052 | D:7      | Killed Regeox's ghost
  7052 | D:7      | Reached skill level 5 in Invocations
  7056 | D:7      | Mangled by an ogre

Vault maps used:
D:1:      eino_arrival_tree_alley, minmay_heptomino_h4
D:2:      minitemple, grunt_temple_overflow_diamond, uniq_natasha
D:3:      lemuel_round_altar, nicolae_tso_carved_into_rock,
          lemuel_crystal_altar, st_stairs_10, small_statue_intersection,
          kennysheep_generic_room_5, uniq_ijyb, uniq_grinder, uniq_terence
D:4:      hangedman_ru_absence, minmay_temple_entry_trees,
          evilmike_ruin_ashenzari
D:5:      first_ration, nicolae_gozag_cash_rules_everything_around_me
D:6:      nicolae_overflow_crystal_walls, overflow_temple_1_default
D:7:      kennysheep_seaside_town
Temple:   jpeg_temple_clearing

Skill      XL: |  1  2  3  4  5  6  7  8  9 |
---------------+----------------------------+-----
Conjurations   | 2 3 4 |  4.4
Spellcasting   | 5 6 |  6.9
Invocations    | 1 2 3 4 5 |  5.1
Fighting       | 1 2 3 4 |  4.6
Short Blades   | 1 2 3 4 |  4.6
Long Blades    | 1 2 3 4 |  4.6
Axes           | 1 2 3 4 |  4.6
Maces & Flails | 1 2 3 4 |  4.6
Polearms       | 1 2 3 4 |  4.6
Staves         | 1 2 3 4 |  4.6
Slings         | 1 2 3 4 |  4.6
Bows           | 1 2 3 4 |  4.6
Crossbows      | 1 2 3 4 |  4.6
Throwing       | 1 2 3 4 |  4.6
Armour         | 1 2 3 4 |  4.6
Shields        | 1 2 3 4 |  4.6
Unarmed Combat | 1 2 3 4 |  4.6
Evocations     | 1 2 3 4 |  4.6
Hexes          | 1 2 3 |  3.8
Charms         | 1 2 3 |  3.8
Summonings     | 1 2 3 |  3.8
Necromancy     | 1 2 3 |  3.8
Translocations | 1 2 3 |  3.8
Transmutations | 1 2 3 |  3.8
Ice Magic      | 1 2 3 |  3.8
Air Magic      | 1 2 3 |  3.8
Earth Magic    | 1 2 3 |  3.8
Poison Magic   | 1 2 3 |  3.8
Dodging        | 5 6 |  6.6
Stealth        | 5 6 |  6.3
Fire Magic     | 6 |  6.7

Action                   |  1- 3 |  4- 6 |  7- 9 || total
-------------------------+-------+-------+-------++-------
Melee: Dagger            |    17 |    20 |     6 ||    43
       Bite              |     1 |     3 |       ||     4
 Cast: Flame Tongue      |    51 |    89 |   310 ||   450
       Throw Flame       |       |       |    36 ||    36
  Use: Scroll            |       |       |    15 ||    15
       Potion            |       |       |     4 ||     4
 Stab: Sleeping          |     3 |     1 |       ||     4
  Eat: Chunk             |     1 |     4 |     5 ||    10
       Ration            |       |       |     1 ||     1
Armor: Robe              |     1 |    11 |     8 ||    20
       Ring mail         |       |       |    24 ||    24
Dodge: Dodged            |    24 |    38 |   108 ||   170

Table legend:
 A = Spawn XP
 B = Non-spawn XP
 C = Spawn XP percentage of total XP
 D = Spawn monster count
 E = Non-spawn monster count
 F = Spawn count percentage of total count
 G = Total turns spent on level
                    A         B        C        D         E        F      G
               +---------+---------+-------+---------+---------+-------+---------
         Total |       0 |    4590 |   0.0 |       0 |     176 |   0.0 |  7056
               +---------+---------+-------+---------+---------+-------+---------
           D:1 |       0 |      58 |   0.0 |       0 |      32 |   0.0 |   906
           D:2 |       0 |      77 |   0.0 |       0 |       9 |   0.0 |   603
           D:3 |       0 |     491 |   0.0 |       0 |      37 |   0.0 |  1291
           D:4 |       0 |    1226 |   0.0 |       0 |      33 |   0.0 |  1664
           D:5 |       0 |     596 |   0.0 |       0 |      17 |   0.0 |   799
           D:6 |       0 |     184 |   0.0 |       0 |       9 |   0.0 |   763
           D:7 |       0 |    1958 |   0.0 |       0 |      39 |   0.0 |   983
               +---------+---------+-------+---------+---------+-------+---------
